 Dungeon Crawl Stone Soup version 0.19.1 (webtiles) character file.

731 markt42 the Cudgeler (level 7, 0/44 HPs)
             Began as a Gargoyle Fighter on Dec 23, 2016.
             Was a Believer of Okawaru.
             Slain by Sigmund
             ... wielding a +1 scythe of slicing
              (1 damage)
             ... on level 4 of the Dungeon.
             The game lasted 00:06:46 (3233 turns).

markt42 the Cudgeler (Gargoyle Fighter)             Turns: 3233, Time: 00:06:47

Health: 0/44       AC:  0    Str: 21    XL:     7   Next: 73%
Magic:  7/7        EV: 14    Int:  7    God:    Okawaru [**....]
Gold:   110        SH:  0    Dex: 11    Spells: 0 memorised, 6 levels left

rFire  . . .     SeeInvis .     (weapon currently unavailable)
rCold  . . .     Gourm    .     (armour currently unavailable)
rNeg   + . .     Faith    .     (shield currently unavailable)
rPois  ∞         Spirit   .     (helmet currently unavailable)
rElec  .         Reflect  .     (cloak currently unavailable)
rCorr  .         Harm     .     (gloves currently unavailable)
MR     .....                    (boots currently unavailable)
Stlth  +.........               (no amulet)
                                (ring currently unavailable)
                                (ring currently unavailable)

@: confused, pig-form (expiring), hasted, very quick
A: agile 1, (deformed body), dopey 1, negative energy resistance 1, (electricity
resistance), (unbreathing), petrification resistance, rot immunity, AC +4
a: Heroism, Renounce Religion


You were on level 4 of the Dungeon.
You worshipped Okawaru.
Okawaru was pleased with you.
You were not hungry.
You were a filthy swine.
You visited 1 branch of the dungeon, and saw 5 of its levels.

You collected 110 gold pieces.

Inventory:

Hand Weapons
 b - the +8 frozen axe "Frostbite" (melded) {freezing cloud, *Noise +Fly rC+}
   (You found it on level 4 of the Dungeon)

   It has been specially enchanted to freeze those struck by it, causing extra
   injury to most foes and up to half again as much damage against particularly
   susceptible opponents.
   It can also slow down cold-blooded creatures.
   It protects you from cold.
   It lets you fly.
   It may make noises in combat.
Armour
 c - a +0 shield
 y - a +0 cloak (melded)
 I - a +0 plate armour (melded)
Jewellery
 t - a ring of positive energy (melded)
 B - a ring of see invisible (melded)
Wands
 h - a wand of flame (25/48)
 E - a wand of flame (29/48)
 H - a wand of confusion (26/48)
Scrolls
 e - 2 scrolls of immolation {unknown}
 i - a scroll of blinking {unknown}
 m - 3 scrolls of teleportation {unknown}
 n - 2 scrolls of magic mapping {unknown}
 q - a scroll of noise
 r - 5 scrolls of remove curse
 s - 2 scrolls of identify
 u - a scroll of fear {unknown}
 v - a scroll of enchant weapon {unknown}
 x - a scroll of recharging {unknown}
Potions
 d - a potion of might
 w - a potion of agility {unknown}
 A - 2 potions of degeneration {unknown}
 F - a potion of cancellation {unknown}
 G - a potion of berserk rage {unknown}
Comestibles
 f - 5 bread rations
 j - 3 fruits
 k - 3 meat rations
 l - 3 beef jerkies


   Skills:
 + Level 4.5 Fighting
 * Level 1.5(3.8) Axes
   Level 6.0(6.2) Maces & Flails
 + Level 4.6 Armour
 + Level 1.0 Dodging
 + Level 4.8 Shields


You had 6 spell levels left.
You didn't know any spells.

Dungeon Overview and Level Annotations

Branches:
Dungeon (5/15)
 Temple: D:4-7

Altars:
Cheibriados
Dithmenos
Okawaru

Portals:
Sewer: D:4

Annotations:
D:4 Sigmund


Innate Abilities, Weirdness & Mutations

You are resistant to torment.
((Your stone body is resilient. (AC +4)))
You are immune to poison.
You resist negative energy. (rN+)
((You are resistant to electric shocks. (rElec)))
((You can survive without breathing.))
You are immune to petrification.
You are immune to rotting.
You are agile. (Dex +2)
((Armour fits poorly on your strangely shaped body.))
You are dopey. (Int -2)


Message History

Sigmund is moderately wounded.
Sigmund gestures at you while chanting. The puff of flame hits you!
You hit Sigmund.
Sigmund is moderately wounded.
Sigmund hits you with a scythe of slicing!
* * * LOW HITPOINT WARNING * * *
x2 You closely miss Sigmund.
Sigmund is moderately wounded.
You feel better.
Your transformation is almost over.
Sigmund hits you with a scythe of slicing.
* * * LOW HITPOINT WARNING * * *
x2 It was a potion of ambrosia.
You are confused.
You feel invigorated.
It was a potion of haste.
You feel yourself speed up.
Sigmund hits you from afar with a scythe of slicing!
* * * LOW HITPOINT WARNING * * *
You die...

#.............
##########.>..
############....
#................
#.........###....
#................
#................
####................
#..h................
#@######............
#.#≈≈≈≈#.....#######
#.#≈≈≈≈#..####
#.††≈∩≈#..#
#.#≈≈≈≈#..#
#.#≈≈≈≈#..#
#.######..#
#.........#


You could see Sigmund.

Vanquished Creatures
  Eustachio (D:4)
  Edmund (D:4)
  A phantom (D:5)
  A centaur (D:5)
  An orc wizard (D:4)
  Natasha (thrice) (D:3)
  2 worker ants
  5 adders
  A gnoll (D:1)
  A river rat (D:4)
  An ooze (D:5)
  2 worms
  4 dart slugs
  4 leopard geckos
  3 orcs
  7 giant cockroaches
  12 goblins
  10 hobgoblins
  2 jackals (D:2)
  9 kobolds
  3 ball pythons
  5 bats
  4 frilled lizards
  11 rats
94 creatures vanquished.

Notes
Turn   | Place    | Note
-------+----------+-------------------------------------------
     0 | D:1      | markt42 the Gargoyle Fighter began the quest for the Orb.
     0 | D:1      | Reached XP level 1. HP: 14/14 MP: 1/1
    31 | D:1      | Reached XP level 2. HP: 5/19 MP: 2/2
   318 | D:1      | Reached XP level 3. HP: 17/24 MP: 3/3
   842 | D:2      | Reached skill level 3 in Maces & Flails
   842 | D:2      | Reached XP level 4. HP: 29/29 MP: 4/4
  1597 | D:3      | Found a shadowy altar of Dithmenos.
  1705 | D:3      | Noticed Natasha
  1712 | D:3      | Killed Natasha
  1712 | D:3      | Reached XP level 5. HP: 25/33 MP: 5/5
  1744 | D:3      | Noticed Natasha
  1751 | D:3      | Killed Natasha
  1779 | D:3      | Noticed Natasha
  1804 | D:3      | Killed Natasha
  1804 | D:3      | Reached skill level 4 in Maces & Flails
  1861 | D:3      | Found a snail-covered altar of Cheibriados.
  2155 | D:3      | Found an iron altar of Okawaru.
  2178 | D:3      | Became a worshipper of Warmaster Okawaru
  2403 | D:3      | You fall through a shaft for 2 floors!
  2403 | D:5      | Entered Level 5 of the Dungeon
  2429 | D:5      | Reached XP level 6. HP: 34/38 MP: 6/6
  2602 | D:5      | Reached skill level 5 in Maces & Flails
  2783 | D:5      | Noticed a phantom
  2809 | D:5      | Killed a phantom
  2916 | D:4      | Reached * piety under Okawaru
  2925 | D:4      | Reached XP level 7. HP: 43/43 MP: 7/7
  2937 | D:4      | Noticed Edmund
  2946 | D:4      | Killed Edmund
  2947 | D:4      | Reached skill level 6 in Maces & Flails
  3144 | D:4      | Noticed Eustachio
  3156 | D:4      | Killed Eustachio
  3156 | D:4      | Reached skill level 1 in Axes
  3156 | D:4      | Reached skill level 1 in Dodging
  3165 | D:4      | Noticed Sigmund
  3192 | D:4      | Found a glowing drain.
  3198 | D:4      | Gained mutation: Armour fits poorly on your strangely shaped body. [potion of mutation]
  3198 | D:4      | Gained mutation: You are agile. (Dex +2) [potion of mutation]
  3198 | D:4      | Gained mutation: You are dopey. (Int -2) [potion of mutation]
  3209 | D:4      | Reached ** piety under Okawaru
  3233 | D:4      | HP: 1/44 [Sigmund/scythe of slicing (12)]
  3233 | D:4      | Slain by Sigmund

Skill      XL: |  1  2  3  4  5  6  7 |
---------------+----------------------+-----
Maces & Flails | 3 4 5 6 |  6.0
Shields        | 4 |  4.8
Fighting       | 4 |  4.5
Armour         | 4 |  4.6
Axes           | 1 |  1.5
Dodging        | 1 |  1.0

Action                   |  1- 3 |  4- 6 |  7- 9 || total
-------------------------+-------+-------+-------++-------
Melee: Flail             |   116 |   134 |       ||   250
       Mace              |       |    82 |     9 ||    91
       Executioner's axe |       |       |    22 ||    22
       Unarmed           |       |       |     7 ||     7
  Use: Potion            |       |       |     6 ||     6
       Scroll            |       |       |     3 ||     3
  Eat: Chunk             |       |     7 |     1 ||     8
Armor: Scale mail        |    62 |   132 |     8 ||   202
       Plate armour      |       |       |    29 ||    29
Dodge: Dodged            |    42 |    66 |    17 ||   125
Block: Shield            |    68 |   106 |     9 ||   183
